 Dungeon Crawl Stone Soup version 0.24-a0-439-g6dd8730de2 (webtiles) character file.

Game seed: 7470123004067116150

377 tilp the Grave Robber (level 6, -3/48 HPs)
             Began as a Mummy Necromancer on June 17, 2019.
             Was a Follower of Ashenzari.
             Slain by Duvessa
             ... wielding a +0 rapier
              (8 damage)
             ... on level 5 of the Dungeon.
             The game lasted 00:16:55 (4397 turns).

tilp the Grave Robber (Mummy Necromancer)           Turns: 4397, Time: 00:16:55

Health: -3/48      AC:  6    Str: 11    XL:     6   Next: 45%
Magic:  1/12       EV: 11    Int: 17    God:    Ashenzari [*.....]
Gold:   178        SH:  0    Dex: 12    Spells: 4/13 levels left

rFire    x . .     SeeInvis .   q - +1 dagger (venom) (curse)
rCold    + + .     Gourm    .   (no shield)
rNeg     + + +     Faith    .   l - +2 leather armour {rC+}
rPois    ∞         Spirit   .   n - +0 helmet
rElec    .         Reflect  .   (no cloak)
rCorr    .         Harm     .   (no gloves)
MR       .....                  (no boots)
Stlth    +.........             (no amulet)
HPRegen  0.16/turn              (no ring)
MPRegen  0.13/turn              (no ring)

@: no status effects
A: no food or potions, fire vulnerability, cold resistance 1, negative energy
resistance 3, torment resistance, unbreathing
a: Curse Item, Scrying, Renounce Religion


You were on level 5 of the Dungeon.
You worshipped Ashenzari.
Ashenzari was aware of your devotion.
You were not hungry.

You visited 1 branch of the dungeon, and saw 5 of its levels.

You collected 178 gold pieces.

Inventory:

Hand Weapons
 h - a +0 spear
 o - a +0 mace
 q - a cursed +1 dagger of venom (weapon)
Missiles
 b - 109 stones
 e - a throwing net
 i - 5 silver boomerangs
 j - 12 sling bullets
 m - 14 poisoned darts (quivered)
Armour
 l - a +2 leather armour of cold resistance (worn)
 n - a +0 helmet (worn)
Magical Staves
 p - an uncursed staff of cold
Jewellery
 f - the ring "Lygunex" {Fire rPois rN+ MR+ Stlth-}
   (You found it on level 4 of the Dungeon)

   [ring of fire]

   It enhances your fire magic.
   It protects you from fire.
   It makes you vulnerable to cold.
   It protects you from poison.
   It protects you from negative energy.
   It affects your resistance to hostile enchantments.
   It makes you less stealthy.
 r - an uncursed ring of resist corrosion
Scrolls
 a - 3 scrolls of teleportation
 c - 2 scrolls of fog
 d - 2 scrolls of fear
 g - a scroll of blinking
 k - 2 scrolls of amnesia


   Skills:
 + Level 3.9 Fighting
 - Level 1.5 Dodging
 - Level 1.5 Stealth
 - Level 4.1 Spellcasting
 - Level 6.0 Necromancy


You had 4 spell levels left.
You knew the following spells:

 Your Spells              Type           Power        Failure   Level  Hunger
a - Pain                  Necr           ###.         1%          1    N/A
b - Animate Skeleton      Necr           N/A          1%          1    N/A
c - Vampiric Draining     Necr           ###.......   4%          3    N/A
d - Animate Dead          Necr           N/A          17%         4    N/A

Your spell library contained the following spells:

 Spells                   Type           Power        Failure   Level  Hunger
 Regeneration             Chrm/Necr      Unusable     N/A         3    N/A

Dungeon Overview and Level Annotations

Branches:
Dungeon (5/15)
 Temple: D:4-7

Altars:
Ashenzari
Gozag
Makhleb
The Shining One

Annotations:
D:3 3 runed translucent doors, Enish's ghost, weakling FoAM; Ijyb
D:5 Duvessa


Innate Abilities, Weirdness & Mutations

You do not eat or drink.
Your flesh is vulnerable to fire.
You are immune to poison.
Your flesh is cold resistant. (rC+)
You are immune to negative energy. (rN+++)
You are immune to unholy pain and torment.
You can survive without breathing.


Message History

Duvessa barely misses you.
Casting: Vampiric Draining (safe; 4% risk of failure)
Confirm with . or Enter, or press ? or * to list all spells.
Aiming: Vampiric Draining (safe; 4% risk of failure)
Press: ? - help, Shift-Dir - straight line, f/p - Duvessa
Aim: Duvessa, wielding a +0 rapier and wearing a +0 ring mail (severely wounded, berserk, fast, unusually strong) Duvessa is almost dead.
You feel life coursing into your body. Duvessa hits you with a +0 rapier!
* * * LOW HITPOINT WARNING * * *
Casting: Vampiric Draining (safe; 4% risk of failure)
Confirm with . or Enter, or press ? or * to list all spells.
You don't have enough magic to cast that spell.
Unknown command.
Casting: Vampiric Draining (safe; 4% risk of failure)
Confirm with . or Enter, or press ? or * to list all spells.
Aiming: Pain (safe; 1% risk of failure)
Press: ? - help, Shift-Dir - straight line, f/p - Duvessa
Aim: Duvessa, wielding a +0 rapier and wearing a +0 ring mail (almost dead, berserk, fast, unusually strong, chance to defeat MR: 70%) Duvessa struggles to resist.
Duvessa hits you with a +0 rapier!
You die...

. # #..#.... ....
#.#.#..#....#+#.....
#.#.#..##'##........
#.........##......#
#..........'......#
#.#.....#.##......# #
#.#.##..#.........#
#.#.#........@......##
#.............e......#
###.......#....(.....#
###.##.##.....<...!#
#.##........#..[.#
######.#########.#....#
..............#
#.#....#
#.#.#########.#
#.#...(# #.# #.#....#


You could see Duvessa (berserk).

Vanquished Creatures
  Dowan (D:5)
  A howler monkey (D:4)
  A hound (D:4)
  2 orc priests (D:3)
  2 orc wizards (D:3)
  A worker ant (D:4)
  A hound skeleton (D:4)
  An adder (D:3)
  3 gnolls
  An adder skeleton (D:4)
  2 dart slugs
  A leopard gecko (D:4)
  9 orcs (D:3)
  4 bats
  5 giant cockroaches
  11 goblins
  2 hobgoblins (D:2)
  5 kobolds
  A quokka (D:2)
  2 ball pythons
  3 frilled lizards
  A leopard gecko skeleton (D:4)
  3 rats
63 creatures vanquished.

Vanquished Creatures (others)
  A leopard gecko zombie (D:5)
1 creature vanquished.

Grand Total: 64 creatures vanquished

Notes
Turn   | Place    | Note
-------+----------+-------------------------------------------
     0 | D:1      | tilp the Mummy Necromancer began the quest for the Orb.
     0 | D:1      | Reached XP level 1. HP: 13/13 MP: 4/4
     2 | D:1      | Learned a level 1 spell: Animate Skeleton
   309 | D:1      | Reached XP level 2. HP: 19/19 MP: 2/5
  1206 | D:2      | Found a shattered altar of Ashenzari.
  1264 | D:2      | Became a worshipper of Ashenzari the Shackled
  1305 | D:2      | Reached skill level 5 in Necromancy
  1305 | D:2      | Reached XP level 3. HP: 24/24 MP: 4/7
  1653 | D:2      | Learned a level 3 spell: Vampiric Draining
  2141 | D:3      | Reached XP level 4. HP: 23/30 MP: 0/8
  2329 | D:3      | HP: 1/30 [orc wizard/magic dart (3)]
  2712 | D:3      | Reached XP level 5. HP: 22/35 MP: 1/10
  2816 | D:3      | Reached skill level 6 in Necromancy
  3012 | D:3      | Reached skill level 1 in Fighting
  3170 | D:3      | Found a burning altar of Makhleb.
  3173 | D:3      | Found a runed translucent gate.
  3173 | D:3      | Found a runed translucent gate.
  3173 | D:3      | Found a runed translucent gate.
  3175 | D:3      | Found an opulent altar of Gozag.
  3177 | D:3      | Noticed Enish's ghost (weakling FoAM)
  3206 | D:3      | Noticed Ijyb
  3626 | D:4      | Reached XP level 6. HP: 30/46 MP: 4/12
  3918 | D:4      | Reached * piety under Ashenzari
  4020 | D:4      | Identified the ring "Lygunex" {Fire rPois rN+ MR+ Stlth-}
  4178 | D:4      | Found a glowing golden altar of the Shining One.
  4186 | D:4      | Learned a level 4 spell: Animate Dead
  4231 | D:5      | Entered Level 5 of the Dungeon
  4231 | D:5      | Noticed a sky beast
  4282 | D:5      | Noticed Dowan
  4311 | D:5      | Killed Dowan
  4388 | D:5      | Noticed Duvessa
  4397 | D:5      | Slain by Duvessa

Levels and vault maps discovered:
D:1:      lightli_arrival_statue_moat, layout_basic, minivault_19,
          chequers_serial_rivers_micro_d, chequers_hall_statues_wall_a
D:2:      layout_rooms, marbit_many_paths, first_ration
D:3:      layout_basic, overflow_temple_1_default, ebering_ghost_gozag,
          minivault_4, uniq_ijyb
D:4:      layout_cave_pools, kennysheep_little_box, minmay_misc_feat_encased
D:5:      layout_basic, lemuel_crystal_altar, elyvilon_altar_4,
          kennysheep_mini_moat, uniq_duvessa

Skill      XL: |  1  2  3  4  5  6 |
---------------+-------------------+-----
Necromancy     | 5 6 |  6.0
Spellcasting   | 3 4 |  4.1
Fighting       | 2 3 |  3.9
Dodging        | |  1.5
Stealth        | |  1.5

Action                   |  1- 3 |  4- 6 || total
-------------------------+-------+-------++-------
Melee: Unarmed           |     1 |       ||     1
       Dagger            |     1 |    69 ||    70
Throw: Stone             |    16 |       ||    16
       Boomerang         |     2 |       ||     2
       Dart              |       |    18 ||    18
 Cast: Pain              |    61 |    65 ||   126
       Animate Skeleton  |       |     2 ||     2
       Vampiric Draining |       |     2 ||     2
Invok: Curse Item        |       |     1 ||     1
  Use: Scroll            |       |     5 ||     5
 Stab: Sleeping          |       |     2 ||     2
Armor: Leather armour    |       |    30 ||    30
Dodge: Dodged            |    16 |    47 ||    63

Table legend:
 A = Non-vault XP
 B = Vault XP
 C = Vault XP percentage of total XP
 D = Non-vault monster count
 E = Vault monster count
 F = Vault count percentage of total count
                 A         B        C        D         E       F
            +---------+---------+-------+---------+---------+-------
      Total |     466 |      73 |  13.5 |      61 |       2 |   3.2
            +---------+---------+-------+---------+---------+-------
        D:1 |      36 |       0 |   0.0 |      13 |       0 |   0.0
        D:2 |      47 |       1 |   2.1 |      14 |       1 |   6.7
        D:3 |     226 |       0 |   0.0 |      26 |       0 |   0.0
        D:4 |     157 |       0 |   0.0 |       8 |       0 |   0.0
        D:5 |       0 |      72 | 100.0 |       0 |       1 | 100.0
            +---------+---------+-------+---------+---------+-------
